 Dungeon Crawl Stone Soup version 0.20.1-1-g8b1a95d (console) character file.

1974 hilaritas the Basher (level 9, 0/51 HPs)
             Began as a Gargoyle Fighter on Nov 10, 2017.
             Was a Believer of Makhleb.
             Slain by an eight-headed hydra (2 damage)
             ... on level 7 of the Dungeon.
             The game lasted 00:17:21 (6374 turns).

hilaritas the Basher (Gargoyle Fighter)             Turns: 6374, Time: 00:17:21

Health: 0/51       AC: 26    Str: 29    XL:     9   Next: 20%
Magic:  11/11      EV:  5    Int:  8    God:    Makhleb [**....]
Gold:   345        SH: 11    Dex:  9    Spells: 8/8 levels left

rFire    . . .     SeeInvis .   z - +1 flail (protect)
rCold    . . .     Gourm    .   c - +0 shield
rNeg     + . .     Faith    .   n - +0 plate armour
rPois    ∞         Spirit   .   G - +0 helmet (curse)
rElec    +         Reflect  .   (no cloak)
rCorr    +         Harm     .   (no gloves)
MR       .....                  l - +0 pair of boots
Stlth    ..........             (no amulet)
Regen    0.2/turn               B - ring of resist corrosion
MPRegen  0.2/turn               (no ring)

@: mighty, protection aura
A: negative energy resistance 1, electricity resistance, unbreathing,
petrification resistance, rot immunity, AC +5
a: Minor Destruction, Renounce Religion


You were on level 7 of the Dungeon.
You worshipped Makhleb.
Makhleb was pleased with you.
You were not hungry.

You visited 1 branch of the dungeon, and saw 7 of its levels.

You collected 345 gold pieces.

Inventory:

Hand Weapons
 a - a +1 flail
 z - a +1 flail of protection (weapon)
Missiles
 A - 3 tomahawks (quivered)
Armour
 c - a +0 shield (worn)
 l - a +0 pair of boots (worn)
 n - a +0 plate armour (worn)
 G - a cursed +0 helmet (worn)
Jewellery
 e - an uncursed ring of ice
 i - an uncursed ring of fire
 B - a ring of resist corrosion (left hand)
 D - an uncursed ring of flight
Wands
 w - a wand of iceblast (10/15)
 C - a wand of random effects (25/48)
Scrolls
 h - 5 scrolls of identify
 o - a scroll of fear
 r - a scroll of magic mapping
 u - a scroll of remove curse
 y - 2 scrolls of recharging
Potions
 g - a potion of agility
 j - 3 potions of ambrosia
 k - a potion of haste {unknown}
 p - 3 potions of invisibility {unknown}
 s - 4 potions of curing {unknown}
 t - a potion of brilliance {unknown}
 x - 2 potions of resistance {unknown}
 F - a potion of lignification {unknown}
Books
 q - a book of Changes

   Spells                             Type                      Level
   a - Beastly Appendage              Transmutation                1
   b - Sticks to Snakes               Transmutation                2
   c - Spider Form                    Transmutation/Poison         3
   d - Ice Form                       Ice/Transmutation            4
   e - Blade Hands                    Transmutation                5
Comestibles
 b - 2 meat rations
 f - 5 bread rations
 m - 2 royal jellies
 v - a fruit
 E - a chunk of flesh


   Skills:
 - Level 3.2 Fighting
 * Level 9.9 Maces & Flails
 - Level 3.2 Armour
 + Level 6.9 Shields
 * Level 3.6 Invocations


You had 8 spell levels left.
You didn't know any spells.

Dungeon Overview and Level Annotations

Branches:
Dungeon (7/15)             Temple (0/1) D:6

Altars:
Cheibriados
Elyvilon
Makhleb
Trog
Xom
Yredelemnul

Shops:
D:6 *


Innate Abilities, Weirdness & Mutations

You are resistant to torment.
Your stone body is resilient. (AC +5)
You are immune to poison.
You resist negative energy. (rN+)
You are resistant to electric shocks. (rElec)
You can survive without breathing.
You are immune to petrification.
You are immune to rotting.


Message History

The eight-headed hydra bites you but does no damage. x2
The eight-headed hydra bites you.
* * * LOW HITPOINT WARNING * * *
The eight-headed hydra barely misses you.
You block the eight-headed hydra's attack.
The eight-headed hydra bites you but does no damage.
You block the eight-headed hydra's attack. x2
You sock the eight-headed hydra!
The eight-headed hydra is almost dead.
The eight-headed hydra bites you but does no damage. x2
You block the eight-headed hydra's attack.
The eight-headed hydra bites you but does no damage.
You block the eight-headed hydra's attack.
The eight-headed hydra bites you but does no damage.
You block the eight-headed hydra's attack. x2
You hit the eight-headed hydra.
The eight-headed hydra is almost dead.
The eight-headed hydra barely misses you. x2
The eight-headed hydra bites you.
You die...

#.#. #.#.###### #.#...#...
#.###.#.## #.[<[...#
#.################## ##
#.................## ..
##......######+## #.
#.####.# .# ..###.#####.#
#.# ..# ........D@..# #.#
#...#
..####.#########.#####...#
... ...............># ###.
#######.........# #.
####.##...# #. #.##...# #.
##.##...# ## #.......#
#..###..# #..# #..) #..#
#.##


You could see an eight-headed hydra.

Vanquished Creatures
  The ghost of Romulous the Chopper, a novice MiFi of Okawaru (D:6)
  The ghost of hilaritas the Cudgeler, an amateur GrFi of Okawaru (D:4)
  Duvessa (D:7)
  2 sky beasts
  An orc warrior (D:6)
  An ice beast (D:6)
  An ogre (D:4)
  A bullfrog (D:6)
  Dowan (D:7)
  A scorpion (D:5)
  2 crimson imps (D:6)
  A bullfrog zombie (D:6)
  A centaur skeleton (D:6)
  3 orc priests
  An iron imp (D:7)
  6 orc wizards
  5 worker ants
  A hound zombie (D:5)
  A hound skeleton (D:4)
  A howler monkey skeleton (D:5)
  7 gnolls (D:3)
  5 adders
  A shadow imp (D:5)
  An ooze (D:1)
  4 worms
  A dart slug (D:1)
  3 leopard geckos
  20 orcs
  13 bats
  5 giant cockroaches
  10 goblins
  8 hobgoblins
  11 jackals
  3 quokkas
  A ball python (D:4)
  6 frilled lizards
  A jackal zombie (D:6)
  9 kobolds
  2 leopard gecko zombies (D:5)
  A quokka skeleton (D:6)
  10 rats
155 creatures vanquished.

Vanquished Creatures (others)
  A goblin (D:2)
1 creature vanquished.

Grand Total: 156 creatures vanquished

Notes
Turn   | Place    | Note
-------+----------+-------------------------------------------
     0 | D:1      | hilaritas the Gargoyle Fighter began the quest for the Orb.
     0 | D:1      | Reached XP level 1. HP: 14/14 MP: 1/1
   115 | D:1      | Reached XP level 2. HP: 19/19 MP: 2/2
   353 | D:1      | Reached XP level 3. HP: 21/23 MP: 3/3
   862 | D:1      | Reached skill level 3 in Maces & Flails
   944 | D:2      | Found a white marble altar of Elyvilon.
   953 | D:2      | Found a basalt altar of Yredelemnul.
  1209 | D:2      | Reached XP level 4. HP: 27/28 MP: 4/4
  1962 | D:3      | Reached skill level 4 in Maces & Flails
  1962 | D:3      | Reached XP level 5. HP: 23/32 MP: 5/5
  2943 | D:3      | Reached skill level 5 in Maces & Flails
  2943 | D:3      | Reached XP level 6. HP: 37/37 MP: 6/6
  3079 | D:4      | Reached skill level 5 in Shields
  3307 | D:4      | Found a burning altar of Makhleb.
  3310 | D:4      | Became a worshipper of Makhleb the Destroyer
  3406 | D:4      | Noticed hilaritas's ghost (amateur GrFi)
  3422 | D:4      | Killed hilaritas's ghost
  3422 | D:4      | Reached skill level 6 in Maces & Flails
  3422 | D:4      | Reached skill level 1 in Invocations
  3422 | D:4      | Reached XP level 7. HP: 39/41 MP: 7/7
  3868 | D:5      | Entered Level 5 of the Dungeon
  4400 | D:5      | Reached skill level 7 in Maces & Flails
  4477 | D:5      | Reached XP level 8. HP: 24/46 MP: 9/9
  4485 | D:5      | Reached * piety under Makhleb
  4811 | D:5      | Noticed a moth of wrath
  4814 | D:5      | Found a bloodstained altar of Trog.
  5035 | D:6      | Noticed Romulous's ghost (novice MiFi)
  5069 | D:6      | Killed Romulous's ghost
  5069 | D:6      | Reached skill level 8 in Maces & Flails
  5447 | D:6      | Found a staircase to the Ecumenical Temple.
  5470 | D:6      | Reached skill level 9 in Maces & Flails
  5718 | D:6      | Found Potil's Elemental Accessories.
  5914 | D:6      | Reached XP level 9. HP: 51/51 MP: 11/11
  5930 | D:6      | Found a shimmering altar of Xom.
  5948 | D:6      | Reached ** piety under Makhleb
  6208 | D:7      | Found a snail-covered altar of Cheibriados.
  6258 | D:7      | Noticed Dowan
  6259 | D:7      | Noticed Duvessa
  6285 | D:7      | Killed Dowan
  6288 | D:7      | Killed Duvessa
  6360 | D:7      | Noticed an eight-headed hydra
  6372 | D:7      | HP: 2/51 [eight-headed hydra (5)]
  6374 | D:7      | Slain by an eight-headed hydra

Skill      XL: |  1  2  3  4  5  6  7  8 |
---------------+-------------------------+-----
Shields        | 4 5 6 |  6.9
Maces & Flails | 3 4 5 6 7 9 |  9.9
Invocations    | 1 2 3 |  3.6
Fighting       | |  3.2
Armour         | |  3.2

Action                   |  1- 3 |  4- 6 |  7- 9 || total
-------------------------+-------+-------+-------++-------
Melee: Flail             |   149 |   261 |   377 ||   787
       Mace              |       |       |    19 ||    19
Invok: Minor Destruction |       |       |     1 ||     1
  Use: Scroll            |       |     8 |     6 ||    14
       Potion            |       |       |     3 ||     3
  Eat: Chunk             |     1 |     7 |    11 ||    19
Armor: Scale mail        |    84 |    76 |       ||   160
       Plate armour      |       |    61 |   251 ||   312
Dodge: Dodged            |    62 |    54 |    57 ||   173
Block: Shield            |    90 |   129 |   191 ||   410
